 Dungeon Crawl Stone Soup version 0.23.1 (webtiles) character file.

Game seed: 5203482502360968293

815 Fang the Skirmisher (level 7, 0/45 HPs)
             Began as a Gargoyle Berserker on Mar 14, 2019.
             Was a Priest of Trog.
             Slain by a centaur warrior skeleton (4 damage)
             ... on level 6 of the Dungeon.
             The game lasted 00:06:46 (4486 turns).

Fang the Skirmisher (Gargoyle Berserker)            Turns: 4486, Time: 00:06:46

Health: 0/45       AC: 17    Str: 22    XL:     7   Next: 94%
Magic:  7/7        EV:  9    Int:  8    God:    Trog [***...]
Gold:   221        SH:  0    Dex:  9    Spells: 6/6 levels left

rFire    . . .     SeeInvis .   x - +0 battleaxe
rCold    . . .     Gourm    +   (shield currently unavailable)
rNeg     + . .     Faith    .   u - +0 chain mail
rPois    ∞         Spirit   .   e - +2 helmet
rElec    +         Reflect  .   (no cloak)
rCorr    +         Harm     .   (no gloves)
MR       .....                  (no boots)
Stlth    ..........             k - amulet of the gourmand
HPRegen  0.15/turn              s - ring of resist corrosion
MPRegen  0.10/turn              (no ring)

@: no status effects
A: negative energy resistance 1, electricity resistance, unbreathing,
petrification resistance, rot immunity, AC +4
a: Berserk, Trog's Hand, Renounce Religion


You were on level 6 of the Dungeon.
You worshipped Trog.
Trog was most pleased with you.
You were full.

You visited 1 branch of the dungeon, and saw 6 of its levels.

You collected 221 gold pieces.

Inventory:

Hand Weapons
 t - a +0 war axe
 x - a +0 battleaxe (weapon)
Armour
 e - a +2 helmet (worn)
 u - a +0 chain mail (worn)
Jewellery
 a - an uncursed amulet of regeneration
 k - an amulet of the gourmand (around neck)
 s - a ring of resist corrosion (left hand)
Wands
 b - a wand of iceblast (7)
Scrolls
 f - a scroll of remove curse {unknown}
 g - 7 scrolls of identify {unknown}
 h - a scroll of enchant armour {unknown}
 i - 2 scrolls of blinking {unknown}
 l - 4 scrolls of enchant weapon {unknown}
 n - a scroll of teleportation {unknown}
 o - a scroll of noise {unknown}
 y - a scroll of fog {unknown}
Potions
 d - 5 potions of mutation {unknown}
 j - 3 potions of curing {unknown}
 m - a potion of berserk rage {unknown}
 p - a potion of heal wounds {unknown}
 q - a potion of might {unknown}
 r - a potion of magic {unknown}
 v - a potion of degeneration {unknown}
 w - a potion of resistance {unknown}
 z - a potion of lignification {unknown}
 A - a potion of flight {unknown}
 B - 2 potions of brilliance {unknown}
Comestibles
 c - 7 rations


   Skills:
 + Level 5.7 Fighting
 + Level 4.7 Axes
 + Level 5.0 Armour
 + Level 3.8 Dodging


You had 6 spell levels left.
You didn't know any spells.
Your spell library was empty.

Dungeon Overview and Level Annotations

Branches:
Dungeon (6/15)             Temple (0/1) D:4

Altars:
Ashenzari
Dithmenos
Elyvilon
Fedhas
Nemelex Xobeh
Okawaru
Ru
Sif Muna
Uskayaw
Xom
Yredelemnul
The Shining One

Shops:
D:5 *


Innate Abilities, Weirdness & Mutations

You are resistant to torment.
Your stone body is resilient. (AC +4)
You are immune to poison.
You resist negative energy. (rN+)
You are resistant to electric shocks. (rElec)
You can survive without breathing.
You are immune to petrification.
You are immune to rotting.


Message History

The phantom hits you but does no damage.
The scorpion stings you.
* * * LOW HITPOINT WARNING * * *
You feel less confused. The centaur warrior skeleton hits you.
* * * LOW HITPOINT WARNING * * *
The scorpion stings you but does no damage.
The centaur warrior skeleton hits you but does no damage.
You barely miss the orc wizard. You barely miss the scorpion.
Your chain mail prevents you from hitting the centaur warrior skeleton.
You closely miss the phantom. The scorpion completely misses you.
The phantom closely misses you.
The orc wizard hits you but does no damage.
The centaur warrior skeleton hits you but does no damage.
The orc wizard hits you but does no damage.
The scorpion closely misses you. The phantom hits you.
* * * LOW HITPOINT WARNING * * *
The phantom blinks!
The orc wizard barely misses you. The centaur warrior skeleton hits you.
You die...

## $##. ...
###.### ##.....##
# #.......# #
####.#..)....#.#
.......).Z§....#
##..#)..s@..#....
#...oo..# #
##.....## ###.###
... ####. ##


You could see a scorpion, 2 orc wizards and a centaur warrior skeleton.

Vanquished Creatures
  Sigmund (D:4)
  A phantom (D:4)
  A centaur (D:5)
  A crimson imp (D:5)
  A bullfrog skeleton (D:4)
  2 centaur zombies (D:5)
  2 hounds
  An orc priest (D:4)
  4 worker ants (D:4)
  Natasha (twice) (D:3)
  A hound zombie (D:5)
  2 adders
  A worm (D:3)
  A dart slug (D:1)
  A leopard gecko (D:5)
  20 orcs
  A ball python (D:1)
  10 bats
  2 giant cockroaches
  4 goblins
  7 hobgoblins
  2 jackals (D:1)
  4 quokkas
  A ball python zombie (D:5)
  5 frilled lizards
  4 kobolds
  2 quokka skeletons
  4 rats
88 creatures vanquished.

Vanquished Creatures (others)
  A plant (D:3)
1 creature vanquished.

Grand Total: 89 creatures vanquished

Notes
Turn   | Place    | Note
-------+----------+-------------------------------------------
     0 | D:1      | Fang the Gargoyle Berserker began the quest for the Orb.
     0 | D:1      | Reached XP level 1. HP: 14/14 MP: 1/1
    69 | D:1      | Reached XP level 2. HP: 16/19 MP: 2/2
   363 | D:1      | Reached XP level 3. HP: 23/23 MP: 3/3
   571 | D:1      | Found a blossoming altar of Fedhas.
   573 | D:1      | Found a glowing golden altar of the Shining One.
   573 | D:1      | Found a shimmering altar of Xom.
   575 | D:1      | Found a shattered altar of Ashenzari.
   575 | D:1      | Found a deep blue altar of Sif Muna.
   575 | D:1      | Found a shimmering altar of Xom.
   697 | D:2      | Reached ** piety under Trog
   727 | D:2      | Found a faded altar of an unknown god.
   920 | D:2      | Found a glowing golden altar of the Shining One.
  1413 | D:3      | Reached XP level 4. HP: 23/29 MP: 4/4
  1476 | D:3      | Noticed Natasha
  1487 | D:3      | Killed Natasha
  1818 | D:3      | Noticed Natasha
  1829 | D:3      | Killed Natasha
  1829 | D:3      | Reached XP level 5. HP: 17/33 MP: 5/5
  1966 | D:3      | Found a blossoming altar of Fedhas.
  2124 | D:4      | Noticed Sigmund
  2388 | D:4      | Found a shattered altar of Ashenzari.
  2399 | D:4      | Killed Sigmund
  2399 | D:4      | Reached XP level 6. HP: 40/40 MP: 6/6
  2451 | D:4      | Reached skill level 5 in Fighting
  2558 | D:4      | Noticed a phantom
  2575 | D:4      | Killed a phantom
  2575 | D:4      | Reached XP level 7. HP: 40/44 MP: 7/7
  2603 | D:4      | Found an iron altar of Okawaru.
  3217 | D:4      | Found a sparkling altar of Nemelex Xobeh.
  3258 | D:4      | Found a staircase to the Ecumenical Temple.
  3435 | D:4      | Found a white marble altar of Elyvilon.
  3599 | D:5      | Entered Level 5 of the Dungeon
  3701 | D:5      | Found Gebuh's General Store.
  3722 | D:5      | Found a shadowy altar of Dithmenos.
  3737 | D:5      | Found a basalt altar of Yredelemnul.
  3764 | D:5      | Found a sacrificial altar of Ru.
  3852 | D:5      | Reached *** piety under Trog
  3967 | D:5      | Reached skill level 5 in Armour
  4459 | D:6      | Found a hide-covered altar of Uskayaw.
  4486 | D:6      | Slain by a centaur warrior skeleton

Skill      XL: |  1  2  3  4  5  6  7 |
---------------+----------------------+-----
Axes           | 3 4 |  4.7
Dodging        | 2 3 |  3.8
Armour         | 3 4 5 |  5.0
Fighting       | 4 5 |  5.7

Action                   |  1- 3 |  4- 6 |  7- 9 || total
-------------------------+-------+-------+-------++-------
Melee: Hand axe          |   135 |    36 |       ||   171
       War axe           |       |    55 |    52 ||   107
       Battleaxe         |       |       |    52 ||    52
Invok: Berserk           |       |     3 |       ||     3
 Stab: Sleeping          |     2 |       |       ||     2
  Eat: Chunk             |     9 |    10 |     3 ||    22
Armor: Animal skin       |    60 |    31 |       ||    91
       Chain mail        |       |    29 |   139 ||   168
Dodge: Dodged            |   107 |    63 |   102 ||   272
